 Dungeon Crawl Stone Soup version 0.30.1-4-g462c640d31 (webtiles) character file.

Game seed: 18154599083607989943

7583 Wiggles the Severer (level 10, -7/92 HPs)
             Began as a Minotaur Berserker on Sept 11, 2023.
             Was a High Priest of Trog.
             Succumbed to an orc warrior's poison
             ... on level 10 of the Dungeon.
             The game lasted 00:12:18 (8413 turns).

Wiggles the Severer (Minotaur Berserker)            Turns: 8413, Time: 00:12:18

Health: -7/92      AC: 23    Str: 25    XL:     10   Next: 97%
Magic:  9/9        EV:  8    Int: 10    God:    Trog [*****.]
Gold:   797        SH:  0    Dex: 11    Spells: 9/9 levels left

rFire   . . .        D - +2 executioner's axe (flame)
rCold   . . .        (shield currently unavailable)
rNeg    . . .        z - +0 plate armour
rPois   .            (helmet restricted)
rElec   .            b - +0 cloak
rCorr   .            y - +2 pair of gloves
SInv    .            (no boots)
Will    .....        (no amulet) Stlth
                     p - +4 ring of protection
HPRegen 0.35/turn    A - +6 ring of intelligence
MPRegen 0.11/turn

%: no passive effects
@: lethally poisoned (-7 -> -37), on berserk cooldown, slowed, very slow
A: horns 2, retaliatory headbutt
a: Renounce Religion, Berserk, Trog's Hand, Brothers in Arms


You were on level 10 of the Dungeon.
You worshipped Trog.
Trog was extremely pleased with you.
You visited 1 branch of the dungeon, and saw 10 of its levels.

You collected 1089 gold pieces.
You spent 292 gold pieces at shops.

Inventory:

Hand Weapons
 a - a +2 battleaxe of electrocution
 i - a +2 war axe
 B - a +1 heavy battleaxe
 D - a +2 executioner's axe of flaming (weapon)
Missiles
 k - a throwing net (quivered)
Armour
 b - a +0 cloak (worn)
 y - a +2 pair of gloves (worn)
 z - a +0 plate armour (worn)
Jewellery
 p - a +4 ring of protection (left hand)
 w - a ring of fire
 A - a +6 ring of intelligence (right hand)
Wands
 r - a wand of roots (9)
 s - a wand of light (9)
 C - a wand of flame (6)
Scrolls
 d - 5 scrolls of blinking
 e - 2 scrolls of fear
 j - 2 scrolls of teleportation
 m - a scroll of fog
 o - 3 scrolls of poison
 t - a scroll of summoning
 u - a scroll of immolation
Potions
 c - 2 potions of brilliance
 f - 4 potions of heal wounds
 g - 2 potions of attraction {unknown}
 h - 3 potions of ambrosia
 l - 4 potions of lignification
 n - 7 potions of curing
 q - 2 potions of haste
 v - a potion of resistance
 x - a potion of mutation {unknown}
 E - a potion of flight {unknown}


   Skills:
 + Level 9.6 Fighting
 + Level 15.2 Axes
 + Level 9.7 Armour
 + Level 3.7 Dodging
 + Level 0.9 Stealth


You had 9 spell levels left.
You didn't know any spells.
Your spell library was empty.

Dungeon Overview and Level Annotations

Branches:
Dungeon (10/15)            Temple (0/1) D:4
   Lair: D:8-11         Orc: D:9-12

Altars:
Elyvilon
Fedhas
Hepliaklqana
Makhleb
Okawaru
Qazlal
Uskayaw
Yredelemnul
The Shining One

Shops:
D:2 (   D:3 !((   D:10 *


Innate Abilities, Weirdness & Mutations

You have a pair of horns on your head.
You reflexively headbutt those who attack you in melee.


Message History

You barely miss the orc warrior. Your headbutt misses the orc warrior.
* * * LOW HITPOINT WARNING * * *
You feel extremely sick.
The orc warrior hits you but does no damage.
The orc warrior hits you with a +0 trident of venom.
* * * LOW HITPOINT WARNING * * *
You closely miss the orc warrior. Your headbutt misses the orc warrior.
You closely miss the orc warrior. You closely miss the orc.
* * * LOW HITPOINT WARNING * * *
You feel extremely sick. The orc barely misses you. You furiously retaliate!
You headbutt the orc!
You kill the orc!
Trog accepts your kill.
The orc warrior hits you but does no damage.
The orc warrior hits you with a +0 trident of venom.
* * * LOW HITPOINT WARNING * * *
The orc warrior closely misses you. You furiously retaliate!
You headbutt the orc warrior!
The orc warrior hits you but does no damage.
You are more poisoned.
You closely miss the orc warrior. You headbutt the orc warrior!
The orc warrior is heavily wounded.
You hit the orc warrior but do no damage.
You hit the orc. You burn the orc.
You kill the orc!
Trog accepts your kill.
* * * LOW HITPOINT WARNING * * *
You feel extremely sick.
The orc warrior hits you with a +0 trident of venom.
* * * LOW HITPOINT WARNING * * *
You are more poisoned.
The orc warrior hits you but does no damage. x2
You are more poisoned.
The orc warrior barely misses you.
You hit the orc warrior but do no damage.
The orc warrior is heavily wounded.
You slice the orc warrior!! You burn the orc warrior.
You kill the orc warrior!
Trog accepts your kill.
You die...

#...[....# ###'##
#........#### #....#
+........'..# #....#
########.##.### #....#
##8###8##.##...###....'
.#...#...#)####(..'....#
........)).# #####....#
......)..))# #....#
......)@o..# ######
.#...#...### ##?###8##
## ###


You could see an orc warrior.

Vanquished Creatures
  A centaur warrior (D:10)
  A two-headed ogre (D:10)
  Lodul (D:10)
  Psyche (D:10)
  2 trolls
  A hornet (D:8)
  Grinder (D:5)
  A wyvern (D:8)
  2 steam dragons
  2 black bears (D:7)
  3 ice beasts
  5 orc warriors
  A sky beast (D:7)
  10 ogres
  4 centaurs
  2 phantoms
  3 kobold brigands
  A bullfrog (D:9)
  A gnoll sergeant (D:9)
  A scorpion (D:6)
  4 wights (D:8)
  14 killer bees
  2 howler monkeys
  5 hounds
  A gnoll bouda (D:7)
  3 orc priests
  3 jellies (D:6)
  Crazy Yiuf (D:2)
  A sleepcap (D:6)
  2 iguanas
  7 orc wizards
  Terence (D:2)
  Robin (D:2)
  7 adders
  6 gnolls
  2 shadow imps (D:6)
  A white imp (D:7)
  3 ufetubi
  2 worms
  A dart slug (D:5)
  23 orcs
  4 ball pythons
  4 endoplasms (D:2)
  2 giant cockroaches
  21 goblins
  11 hobgoblins
  7 jackals
  A quokka (D:3)
  2 bats
  3 frilled lizards
  25 kobolds
  5 rats
  A spectral orc (D:8)
220 creatures vanquished.

Notes
Turn   | Place    | Note
-------+----------+-------------------------------------------
     0 | D:1      | Wiggles the Minotaur Berserker began the quest for the Orb.
     0 | D:1      | Reached XP level 1. HP: 19/19 MP: 0/0
    71 | D:1      | Reached XP level 2. HP: 7/27 MP: 1/1
   322 | D:1      | Reached skill level 4 in Axes
   949 | D:2      | Found Seprimia's Antique Weapon Emporium.
  1022 | D:2      | Noticed Terence
  1029 | D:2      | Killed Terence
  1030 | D:2      | Reached XP level 3. HP: 34/34 MP: 2/2
  1066 | D:2      | Noticed Robin
  1071 | D:2      | Reached ** piety under Trog
  1090 | D:2      | Killed Robin
  1091 | D:2      | Reached XP level 4. HP: 36/41 MP: 3/3
  1319 | D:2      | Found a runed translucent door.
  1322 | D:2      | Noticed Crazy Yiuf
  1328 | D:2      | Killed Crazy Yiuf
  1486 | D:2      | Reached skill level 5 in Axes
  1694 | D:3      | Found Iwalong's Distillery.
  1702 | D:3      | Found Tauw's Weapon Boutique.
  1718 | D:3      | Bought a potion of curing for 30 gold pieces
  1782 | D:3      | Reached XP level 5. HP: 45/47 MP: 4/4
  1833 | D:3      | Found a stormy altar of Qazlal.
  1908 | D:3      | Found a faded altar of an unknown god.
  2019 | D:3      | Found a white marble altar of Elyvilon.
  2187 | D:3      | Found Yseluqaxt's Weapon Shop.
  2387 | D:4      | Found a staircase to the Ecumenical Temple.
  2501 | D:4      | Found an iron altar of Okawaru.
  2682 | D:4      | Noticed a phantom
  2693 | D:4      | Killed a phantom
  2694 | D:4      | Reached skill level 5 in Fighting
  2694 | D:4      | Reached skill level 6 in Axes
  2694 | D:4      | Reached XP level 6. HP: 56/56 MP: 5/5
  2998 | D:5      | Entered Level 5 of the Dungeon
  3304 | D:5      | Found a hazy altar of Hepliaklqana.
  3426 | D:5      | Noticed an ice beast
  3433 | D:5      | Killed an ice beast
  3434 | D:5      | Reached skill level 7 in Axes
  3434 | D:5      | Reached XP level 7. HP: 61/61 MP: 6/6
  3616 | D:5      | Found a burning altar of Makhleb.
  3620 | D:5      | Noticed Grinder
  3626 | D:5      | Killed Grinder
  3627 | D:5      | Reached skill level 5 in Armour
  3674 | D:5      | Identified the +7 spear "Onicabou" {venom, Will- MP+9
                  | Dex+2}
  3748 | D:5      | Reached skill level 8 in Axes
  3946 | D:6      | Reached *** piety under Trog
  4112 | D:6      | Reached XP level 8. HP: 67/70 MP: 7/7
  4128 | D:6      | Reached skill level 9 in Axes
  4622 | D:6      | Identified a scroll of acquirement
  4625 | D:6      | Acquired a +2 battleaxe of electrocution
  5056 | D:7      | Found a glowing golden altar of the Shining One.
  5079 | D:7      | Reached skill level 10 in Axes
  5907 | D:7      | Found a blossoming altar of Fedhas.
  5978 | D:8      | Reached skill level 11 in Axes
  5978 | D:8      | Reached XP level 9. HP: 27/79 MP: 8/8
  6344 | D:8      | Found a hide-covered altar of Uskayaw.
  6499 | D:8      | Reached **** piety under Trog
  6643 | D:8      | Reached skill level 12 in Axes
  6816 | D:8      | Found a basalt altar of Yredelemnul.
  6901 | D:8      | Noticed a troll
  6909 | D:8      | Killed a troll
  7076 | D:9      | Reached skill level 13 in Axes
  7324 | D:9      | Reached XP level 10. HP: 90/90 MP: 9/9
  7831 | D:10     | Entered Level 10 of the Dungeon
  7836 | D:10     | Noticed a centaur warrior
  7846 | D:10     | Killed a centaur warrior
  7847 | D:10     | Reached skill level 14 in Axes
  7954 | D:10     | Noticed Lodul
  7973 | D:10     | Killed Lodul
  7976 | D:10     | Noticed a two-headed ogre
  7982 | D:10     | Killed a two-headed ogre
  7983 | D:10     | Reached skill level 15 in Axes
  8131 | D:10     | Noticed Psyche
  8137 | D:10     | Killed Psyche
  8208 | D:10     | Found Tium's Assorted Antiques.
  8214 | D:10     | Reached ***** piety under Trog
  8215 | D:10     | Received a gift from Trog
  8224 | D:10     | Bought a scroll of enchant armour for 262 gold pieces
  8412 | D:10     | HP: 3/92 [orc warrior/+0 trident of venom (3)]
  8413 | D:10     | Succumbed to an orc warrior's poison

Illustrated notes

Levels and vault maps discovered:
D:1:      dpeg_arrival_leaves_temple_mockup, layout_loops_ring
D:2:      kennysheep_the_goblin_king, layout_basic, serial_forest,
          infiniplex_forest_lined_3, infiniplex_forest_lined_3_way,
          infiniplex_forest_lined_4_way, infiniplex_forest_lined_3,
          infiniplex_forest_lined_room_2, serial_shops,
          nicolae_shop_rolling_square, uniq_crazy_yiuf_cottage, uniq_terence,
          uniq_robin
D:3:      layout_loops_ring, mainiacjoe_overflow_six_doors_small,
          nicolae_overflow_crystal_walls,
          shapermc_ecumenical_altar_starsandcircs, serial_shops, shop,
          nicolae_shop_bloodbath_and_beyond, shop
D:4:      layout_loops_ring, amcnicky_altar_gilded,
          minmay_temple_entry_water_ring
D:5:      layout_loops_cross, mainiacjoe_overflow_24_doors,
          makhleb_heckhound_becter, uniq_grinder
D:6:      layout_rooms
D:7:      layout_basic, mainiacjoe_overflow_swirl
D:8:      layout_basic, mainiacjoe_overflow_catwalk,
          yredelemnul_forgotten_temple_becter, minmay_misc_feat_plants,
          nicolae_underground_beach
D:9:      layout_cave_pools
D:10:     layout_roguey, david_orc_4, serial_shops, shop, uniq_psyche,
          uniq_lodul

Skill      XL: |  1  2  3  4  5  6  7  8  9 10 |
---------------+-------------------------------+-----
Fighting       | 4 5 7 8 9 |  9.6
Axes           | 4 5 6 7 8 11 13 15 | 15.2
Armour         | 3 4 5 6 8 9 |  9.7
Dodging        | 3 |  3.7
Stealth        | |  0.9

Action                     |  1- 3 |  4- 6 |  7- 9 | 10-12 || total
---------------------------+-------+-------+-------+-------++-------
  Melee: Hand axe          |    46 |       |       |       ||    46
         Headbutt          |    13 |    20 |    29 |     6 ||    68
         War axe           |    30 |   107 |    65 |       ||   202
         Punch             |     1 |       |     1 |       ||     2
         Battleaxe         |       |       |   143 |    52 ||   195
         Executioner's axe |       |       |       |    15 ||    15
 Invoke: Berserk           |     2 |     3 |     5 |     2 ||    12
    Use: Scroll            |       |       |    19 |     2 ||    21
 Armour: Animal skin       |    13 |       |       |       ||    13
         Chain mail        |    19 |    60 |    55 |       ||   134
         Plate armour      |       |       |   134 |   111 ||   245
         Skin              |       |       |       |     1 ||     1
  Dodge: Dodged            |    70 |    56 |   118 |    63 ||   307
